 Dungeon Crawl Stone Soup version 0.18.1-8-gdd0e5ea (webtiles) character file.

12700 Stormphoenix the Severer (level 11, -3/82 HPs)
             Began as a Minotaur Berserker on June 10, 2016.
             Was a High Priest of Trog.
             Slain by a nine-headed hydra (7 damage)
             ... on level 11 of the Dungeon.
             The game lasted 00:26:46 (8837 turns).

Stormphoenix the Severer (Minotaur Berserker)       Turns: 8837, Time: 00:26:47

Health: -3/82      AC: 15    Str: 25    XL:     11   Next: 65%
Magic:  10/10      EV:  7    Int:  7    God:    Trog [*****.]
Gold:   597        SH:  0    Dex: 12    Spells: 0 memorised, 10 levels left

rFire  . . .     SeeInvis +     A - +0 battleaxe
rCold  . . .     Gourm    +     o - +3 plate armour of the Vacuum {*Corrode rN+ Int+3 Stlth+}
rNeg   + + .     Faith    .     (shield currently unavailable)
rPois  +         Spirit   .     (helmet restricted)
rElec  .         Dismiss  .     f - +0 cloak
rCorr  .         Reflect  .     (no gloves)
SustAt .         Harm     .     (no boots)
MR     .....                    b - amulet of the gourmand
Stlth  ..........               h - +3 ring of slaying
                                w - ring of Inittoc {rPois rN+ Dex+2 SInv}

@: not resistant to hostile enchantments, extremely unstealthy
A: retaliatory headbutt, horns 2
a: Berserk, Trog's Hand, Brothers in Arms, Burn Spellbooks, Renounce Religion


You were on level 11 of the Dungeon.
You worshipped Trog.
Trog was extremely pleased with you.
You were very hungry.

You visited 2 branches of the dungeon, and saw 12 of its levels.

You collected 597 gold pieces.

Inventory:

Hand Weapons
 A - a +0 battleaxe (weapon)
Missiles
 a - 7 javelins of returning (quivered)
Armour
 f - a +0 cloak (worn)
 o - the +3 plate armour of the Vacuum (worn) {*Corrode rN+ Int+3 Stlth+}
   (You found it on level 4 of the Dungeon)

   It affects your intelligence (+3).
   It protects you from negative energy.
   It may corrode you when you take damage.
   It makes you more stealthy.
Jewellery
 b - an amulet of the gourmand (around neck)
 h - a +3 ring of slaying (right hand)
 w - the ring of Inittoc (left hand) {rPois rN+ Dex+2 SInv}
   (You found it on level 5 of the Dungeon)

   [ring of poison resistance]

   It affects your dexterity (+2).
   It protects you from poison.
   It protects you from negative energy.
   It lets you see invisible.
 B - an uncursed ring of protection from fire
Wands
 p - a wand of lightning (15/15)
 r - a wand of polymorph (3/24)
 x - a wand of disintegration (17/24)
Scrolls
 d - 5 scrolls of magic mapping
 e - a scroll of recharging
 j - a scroll of teleportation
 l - 2 scrolls of enchant weapon
 m - 4 scrolls of remove curse
 y - 4 scrolls of identify
 z - 2 scrolls of fear
 C - a scroll of blinking
 F - a scroll of brand weapon
Potions
 g - a potion of invisibility {unknown}
 i - 4 potions of heal wounds
 k - a potion of agility
 s - 3 potions of brilliance
 E - 2 potions of curing
 G - 2 potions of cure mutation
Comestibles
 c - 5 bread rations
 n - 26 fruits
 q - 3 slices of pizza
 t - 5 meat rations
 v - 2 royal jellies


   Skills:
 - Level 3.6 Fighting
 + Level 20.3 Axes
 - Level 2.4 Armour
 - Level 2.1 Dodging


You had 10 spell levels left.
You didn't know any spells.

Dungeon Overview and Level Annotations

Branches:
Dungeon (11/15)            Temple (1/1) D:4            Lair (0/8) D:8
    Orc (0/2) D:10

Altars:
Ashenzari
Cheibriados
Dithmenos
Elyvilon
Fedhas
Gozag
Kikubaaqudgha
Makhleb
Nemelex Xobeh
Okawaru
Pakellas
Qazlal
Ru
Sif Muna
Trog
Vehumet
Xom
Yredelemnul
Zin
The Shining One

Shops:
D:4 [


Innate Abilities, Weirdness & Mutations

You reflexively headbutt those who attack you in melee.
You have a pair of horns on your head.


Message History

The eight-headed hydra bites you but does no damage.
The eight-headed hydra closely misses you.
The eight-headed hydra bites you. The eight-headed hydra bites you!
* * * LOW HITPOINT WARNING * * *
The eight-headed hydra bites you.
* * * LOW HITPOINT WARNING * * *
You lop one of the eight-headed hydra's heads off!
The seven-headed hydra grows two more!
You slash the nine-headed hydra!
The nine-headed hydra is lightly wounded.
You barely miss the nine-headed hydra. You headbutt the nine-headed hydra!
The nine-headed hydra is moderately wounded.
The nine-headed hydra bites you but does no damage.
The nine-headed hydra bites you.
* * * LOW HITPOINT WARNING * * *
The nine-headed hydra bites you.
* * * LOW HITPOINT WARNING * * *
The nine-headed hydra bites you but does no damage.
The nine-headed hydra barely misses you.
The nine-headed hydra bites you!
You die...

...# .### ## ### ... ....
. .... ##.. .###.r.. #
..#..... ## #.#### #.....
. #..@.# #... #####
####D###.# #.... #..ar...#
..# #...#!###.# # #.###..
#.# ############# ##. #.#
#.....#.....# ..#.###
..............### #.#...##
.................##.###..#


You could see a nine-headed hydra, a worker ant and a quokka.

Vanquished Creatures
  Erolcha (D:11)
  Fannar (D:10)
  3 unseen horrors
  A hill giant (D:10)
  Pikel (D:4)
  An ugly thing (D:10)
  Maurice (D:9)
  A gargoyle (D:10)
  A troll (D:9)
  A two-headed ogre (D:8)
  Sigmund (D:3)
  5 yaks (D:9)
  2 hippogriffs (D:8)
  5 hungry ghosts
  Menkaure (D:7)
  4 wargs (D:10)
  A water moccasin (D:9)
  2 hell hounds (D:8)
  A slave (D:4)
  3 ice beasts
  4 orc warriors
  2 sky beasts
  2 black bears
  2 phantoms
  4 ogres
  3 centaurs
  2 big kobolds
  2 giant frogs
  A wyvern skeleton (D:8)
  5 scorpions
  A killer bee (D:9)
  A wight (D:6)
  4 howler monkeys (D:9)
  4 crimson imps
  2 centaur zombies
  3 centaur skeletons
  A giant frog zombie (D:8)
  6 orc priests
  8 hounds
  2 jellies
  A giant frog skeleton (D:10)
  4 iguanas
  2 orc wizards
  11 worker ants
  A hound zombie (D:6)
  A hound skeleton (D:9)
  4 gnolls (D:5)
  A howler monkey skeleton (D:8)
  21 adders
  4 shadow imps
  An ooze (D:1)
  2 adder skeletons
  3 worms
  A dart slug (D:1)
  6 giant geckos
  31 orcs
  2 bat zombies (D:5)
  9 giant cockroaches
  5 goblins
  7 hobgoblins
  11 jackals
  14 kobolds
  7 quokkas
  A ball python (D:7)
  4 bats
  A giant gecko skeleton (D:4)
  7 giant newts
  A jackal skeleton (D:4)
  6 rats
  A rat zombie (D:5)
266 creatures vanquished.

Vanquished Creatures (others)
  An orc (D:4)
1 creature vanquished.

Grand Total: 267 creatures vanquished

Notes
Turn   | Place    | Note
--------------------------------------------------------------
     0 | D:1      | Stormphoenix the Minotaur Berserker began the quest for the Orb.
     0 | D:1      | Reached XP level 1. HP: 19/19 MP: 0/0
    68 | D:1      | Reached skill level 4 in Axes
   121 | D:1      | Reached XP level 2. HP: 10/26 MP: 1/1
   892 | D:2      | Reached skill level 5 in Axes
   911 | D:2      | Reached XP level 3. HP: 31/31 MP: 2/2
   971 | D:2      | Reached ** piety under Trog
  1298 | D:2      | Reached skill level 6 in Axes
  1298 | D:2      | Reached XP level 4. HP: 29/39 MP: 3/3
  1787 | D:3      | Noticed Sigmund
  1792 | D:3      | Killed Sigmund
  1792 | D:3      | Reached skill level 8 in Axes
  1792 | D:3      | Reached XP level 5. HP: 45/45 MP: 4/4
  1792 | D:3      | Reached XP level 6. HP: 51/51 MP: 5/5
  1828 | D:3      | You fall through a shaft for 2 floors!
  1828 | D:5      | Entered Level 5 of the Dungeon
  1868 | D:4      | Found Kujamp's Armour Boutique.
  1896 | D:4      | Reached *** piety under Trog
  1911 | D:4      | Got a distressingly furry plate armour
  1912 | D:4      | Noticed a slave
  1912 | D:4      | Noticed a slave
  2131 | D:3      | Identified the +3 plate armour of the Vacuum {*Corrode rN+ Int+3 Stlth+} (You found it on level 4 of the Dungeon)
  2225 | D:3      | Reached skill level 9 in Axes
  2257 | D:3      | Found a bloodstained altar of Trog.
  2261 | D:3      | Found a white marble altar of Elyvilon.
  2540 | D:4      | Found a blossoming altar of Fedhas.
  2579 | D:4      | Found a staircase to the Ecumenical Temple.
  2587 | Temple   | Entered the Ecumenical Temple
  2749 | D:4      | Noticed Pikel
  2749 | D:4      | Noticed a slave
  2752 | D:4      | Noticed a slave
  2758 | D:4      | Killed a slave
  2761 | D:4      | Killed Pikel
  2761 | D:4      | Reached skill level 11 in Axes
  2761 | D:4      | Reached XP level 7. HP: 57/57 MP: 6/6
  3042 | D:5      | Found an ancient bone altar of Kikubaaqudgha.
  3101 | D:5      | Reached XP level 8. HP: 64/64 MP: 7/7
  3302 | D:5      | Got a scintillating steel ring
  3329 | D:5      | Reached skill level 12 in Axes
  3801 | D:6      | Reached **** piety under Trog
  3929 | D:6      | Found a glowing silver altar of Zin.
  4103 | D:6      | Reached skill level 13 in Axes
  4113 | D:6      | Identified the ring of Inittoc {rPois rN+ Dex+2 SInv} (You found it on level 5 of the Dungeon)
  4489 | D:7      | Reached XP level 9. HP: 58/70 MP: 8/8
  4526 | D:7      | Noticed Menkaure
  4535 | D:7      | Killed Menkaure
  4535 | D:7      | Reached skill level 14 in Axes
  4681 | D:7      | Found an iron altar of Okawaru.
  4761 | D:7      | Got a scorched spear
  4765 | D:7      | Identified the cursed +3 spear of Linearity {antimagic, Str+6} (You found it on level 7 of the Dungeon)
  4849 | D:7      | Found a snail-covered altar of Cheibriados.
  5007 | D:7      | Reached ***** piety under Trog
  5325 | D:8      | Reached skill level 15 in Axes
  5550 | D:8      | Found a staircase to the Lair.
  5825 | D:8      | Found a sparkling altar of Nemelex Xobeh.
  5851 | D:8      | Found an iron altar of Okawaru.
  5951 | D:8      | Found a blossoming altar of Fedhas.
  6145 | D:8      | Reached skill level 16 in Axes
  6525 | D:9      | Noticed Maurice
  6541 | D:9      | Killed Maurice
  6541 | D:9      | Reached XP level 10. HP: 77/77 MP: 9/9
  6854 | D:9      | Reached skill level 17 in Axes
  7143 | D:9      | Received a gift from Trog
  7508 | D:9      | Reached skill level 18 in Axes
  7650 | D:10     | Entered Level 10 of the Dungeon
  7746 | D:10     | Noticed a gargoyle
  7753 | D:10     | Killed a gargoyle
  7860 | D:10     | Noticed Fannar
  7870 | D:10     | Reached XP level 11. HP: 55/82 MP: 10/10
  7885 | D:10     | Killed Fannar
  7938 | D:10     | Reached skill level 19 in Axes
  8058 | D:10     | Noticed a hill giant
  8066 | D:10     | Killed a hill giant
  8100 | D:10     | Found a staircase to the Orcish Mines.
  8341 | D:10     | Noticed an unseen horror
  8364 | D:10     | Killed an unseen horror
  8412 | D:10     | Noticed a brown ugly thing
  8422 | D:10     | Killed a brown ugly thing
  8702 | D:11     | Noticed Erolcha
  8707 | D:11     | Killed Erolcha
  8738 | D:11     | Reached skill level 20 in Axes
  8748 | D:11     | Noticed an unseen horror
  8758 | D:11     | Killed an unseen horror
  8779 | D:11     | Noticed an unseen horror
  8783 | D:11     | Killed an unseen horror
  8828 | D:11     | Noticed a five-headed hydra
  8837 | D:11     | HP: 4/82 [nine-headed hydra (6)]
  8837 | D:11     | Slain by a nine-headed hydra

Skill      XL: |  1  2  3  4  5  6  7  8  9 10 11 |
---------------+----------------------------------+-----
Axes           | 4 5 6 8 11 13 16 18 20 | 20.3
Fighting       | |  3.6
Armour         | |  2.4
Dodging        | |  2.1

Action                   |  1- 3 |  4- 6 |  7- 9 | 10-12 || total
-------------------------+-------+-------+-------+-------++-------
Melee: Hand axe          |    86 |    63 |       |       ||   149
       Headbutt          |    10 |    11 |    53 |    53 ||   127
       War axe           |       |    52 |    97 |       ||   149
       Battleaxe         |       |       |   141 |   273 ||   414
Invok: Berserk           |       |     2 |     1 |     2 ||     5
       Burn Spellbooks   |       |       |     3 |       ||     3
  Use: Scroll            |       |     9 |     8 |     1 ||    18
       Potion            |       |     2 |     5 |       ||     7
  Eat: Chunk             |     1 |     6 |    15 |    22 ||    44
       Bread ration      |       |       |       |     1 ||     1
       Beef jerky        |       |       |       |     1 ||     1
Armor: Animal skin       |     8 |       |       |       ||     8
       Ring mail         |    11 |    10 |       |       ||    21
       Plate armour      |       |    27 |   126 |   142 ||   295
       Skin              |       |     3 |       |       ||     3
Dodge: Dodged            |    59 |    47 |    63 |    71 ||   240
Block: Large shield      |       |       |    26 |       ||    26
